 Dungeon Crawl Stone Soup version 0.25-a0-597-gb30770a0c0 (webtiles) character file.

Game seed: 7546067449753749475, levelgen mode: deterministic

413 Glundar the Chopper (level 6, -6/48 HPs)
             Began as a Demonspawn Fighter on Mar 15, 2020.
             Was an Initiate of Qazlal.
             Splashed by a jelly's acid (11 damage)
             ... on level 5 of the Dungeon.
             The game lasted 00:16:50 (3635 turns).

Glundar the Chopper (Demonspawn Fighter)            Turns: 3635, Time: 00:16:53

Health: -6/48      AC:  0    Str: 18    XL:     6   Next: 59%
Magic:  6/6        EV:  5    Int: 10    God:    Qazlal [......]
Gold:   110        SH:  9    Dex: 12    Spells: 5/5 levels left

rFire    . . .     SeeInvis .   a - +0 war axe
rCold    + . .     Gourm    .   c - +0 kite shield
rNeg     . . .     Faith    .   v - +0 chain mail
rPois    .         Spirit   .   p - +0 helmet
rElec    .         Reflect  .   x - +0 cloak
rCorr    .         Harm     .   (no gloves)
MR       .....                  (no boots)
Stlth    ..........             (no amulet)
HPRegen  0.16/turn              m - ring of protection from cold
MPRegen  0.10/turn              (no ring)

@: corroded
A: demonic guardian 1, nightstalker 1
a: Renounce Religion


You were on level 5 of the Dungeon.
You worshipped Qazlal.
Qazlal was noncommittal.
You were not hungry.

You visited 2 branches of the dungeon, and saw 6 of its levels.

You collected 110 gold pieces.

Inventory:

Hand Weapons
 a - a +0 war axe (weapon)
 t - a +2 dagger of freezing
Missiles
 l - 15 poisoned darts (quivered)
 u - 4 boomerangs
 y - 28 sling bullets
Armour
 c - a +0 kite shield (worn)
 p - a +0 helmet (worn)
 v - a +0 chain mail (worn)
 x - a +0 cloak (worn)
Jewellery
 m - a ring of protection from cold (left hand)
 o - an uncursed ring of protection from magic {unknown}
 q - an uncursed amulet of the gourmand {unknown}
Scrolls
 b - 2 scrolls of remove curse {unknown}
 g - 2 scrolls of magic mapping {unknown}
 h - 4 scrolls of teleportation {unknown}
 i - 2 scrolls of immolation {unknown}
 j - 5 scrolls of identify {unknown}
 k - 2 scrolls of enchant armour {unknown}
 r - a scroll of random uselessness {unknown}
 s - a scroll of enchant weapon {unknown}
Potions
 d - a potion of might
 e - 4 potions of curing {unknown}
 n - a potion of lignification {unknown}
Comestibles
 f - 10 rations
 w - 2 chunks of flesh


   Skills:
 - Level 4.0 Fighting
 + Level 4.8 Axes
 - Level 3.5 Armour
 - Level 0.8 Dodging
 - Level 0.3 Stealth
 - Level 3.5 Shields


You had 5 spell levels left.
You didn't know any spells.
Your spell library was empty.

Dungeon Overview and Level Annotations

Branches:
Dungeon (5/15)             Temple (1/1) D:4

Altars:
Ashenzari
Cheibriados
Elyvilon
Fedhas
Hepliaklqana
Makhleb
Okawaru
Qazlal
Sif Muna
Trog
Uskayaw
Vehumet
Wu Jian
Xom
Yredelemnul
The Shining One


Innate Abilities, Weirdness & Mutations

A weak demonic guardian rushes to your aid.
You are slightly more attuned to the shadows.


Message History

You hit the jelly.
Your hands burn!
The jelly is severely wounded.
You block the jelly's attack. The jelly hits you.
You are splashed with acid!
You hit the jelly but do no damage. The acid corrodes you!
Your hands burn!
The jelly is severely wounded.
The jelly hits you.
You are splashed with acid!
You are too injured to fight recklessly!
You are too injured to fight recklessly!
You are too injured to fight recklessly!
Your shield prevents you from hitting the jelly.
The jelly is severely wounded.
The jelly hits you.
You are splashed with acid!
* * * LOW HITPOINT WARNING * * *
You hit the jelly but do no damage. The acid corrodes you!
Your hands burn!
* * * LOW HITPOINT WARNING * * *
The jelly is severely wounded.
The jelly completely misses you. The jelly hits you.
* * * LOW HITPOINT WARNING * * *
You are splashed with acid!
You die...

?.............###
.............##..
...##..$........##...
...##.........###...
#...##.......##.....
..$####'''###......
#.........##.......
#####.##.........###...
#.....@J...............
..#####################


You could see a jelly.

Vanquished Creatures
  An ogre (D:4)
  A hound (D:4)
  A centaur skeleton (D:4)
  An orc wizard (D:3)
  A worker ant (D:4)
  2 worker ant zombies (D:4)
  5 adders
  3 gnolls (D:4)
  A shadow imp (D:5)
  An ooze (D:2)
  An adder skeleton (D:4)
  2 adder zombies (D:4)
  A worm (D:3)
  2 dart slugs (D:1)
  4 leopard geckos
  5 orcs (D:4)
  3 ball pythons
  A giant cockroach (D:1)
  8 hobgoblins
  3 jackals (D:2)
  2 quokkas
  8 bats
  2 giant cockroach zombies (D:4)
  4 goblins
  10 kobolds
  A leopard gecko skeleton (D:4)
  A leopard gecko zombie (D:4)
  A quokka skeleton (D:4)
  8 rats
84 creatures vanquished.

Vanquished Creatures (collateral kills)
  A worker ant (D:4)
  A hound skeleton (D:4)
  A worker ant zombie (D:4)
  A gnoll (D:4)
  An orc (D:4)
5 creatures vanquished.

Grand Total: 89 creatures vanquished

Notes
Turn   | Place    | Note
-------+----------+-------------------------------------------
     0 | D:1      | Glundar the Demonspawn Fighter began the quest for the Orb.
     0 | D:1      | Reached XP level 1. HP: 18/18 MP: 1/1
   127 | D:1      | Gained mutation: You are slightly more attuned to the
                  | shadows. [demonic ancestry]
   127 | D:1      | Reached XP level 2. HP: 24/24 MP: 2/2
   807 | D:2      | Reached XP level 3. HP: 27/29 MP: 3/3
  1456 | D:2      | Gained mutation: A weak demonic guardian rushes to your
                  | aid. [demonic ancestry]
  1456 | D:2      | Reached XP level 4. HP: 28/35 MP: 4/4
  2001 | D:3      | Found a shimmering altar of Xom.
  2295 | D:3      | Found an ornate altar of the Wu Jian Council.
  2669 | D:4      | Reached XP level 5. HP: 37/42 MP: 5/5
  2728 | D:4      | Found a hide-covered altar of Uskayaw.
  2731 | D:4      | Noticed an ogre
  2752 | D:4      | Killed an ogre
  2971 | D:3      | Reached XP level 6. HP: 40/48 MP: 6/6
  3377 | D:4      | Found a staircase to the Ecumenical Temple.
  3392 | Temple   | Entered the Ecumenical Temple
  3407 | Temple   | Became a worshipper of Qazlal Stormbringer
  3499 | D:5      | Entered Level 5 of the Dungeon
  3617 | D:5      | Noticed a sky beast
  3635 | D:5      | Splashed by a jelly's acid

Levels and vault maps discovered:
D:1:      ncdulo_wetmaze, layout_loops_ring
D:2:      layout_basic, bh_walls_and_bars
D:3:      layout_basic, lemuel_round_altar, marbit_many_paths, first_ration,
          serial_bayou_lagoon_b
D:4:      layout_basic, overflow_temple_1_default,
          minmay_temple_entry_glassed_door, serial_undead, serial_undead_e,
          serial_undead_b, serial_undead_b, serial_undead_e, serial_undead_b,
          minmay_misc_feat_doors
D:5:      layout_rooms, gammafunk_temple_overflow_forgotten, serial_shops, shop,
          kennysheep_donut, minmay_misc_feat_cross, serial_bayou_ford_a,
          uniq_grinder
Temple:   cyrus_circular_temple

Skill      XL: |  1  2  3  4  5  6 |
---------------+-------------------+-----
Axes           | 2 3 4 |  4.8
Armour         | 3 |  3.5
Shields        | 3 |  3.5
Fighting       | 4 |  4.0
Dodging        | |  0.8
Stealth        | |  0.3

Action                   |  1- 3 |  4- 6 || total
-------------------------+-------+-------++-------
Melee: War axe           |   115 |   148 ||   263
 Stab: Distracted        |       |     1 ||     1
  Eat: Chunk             |     2 |     7 ||     9
Armor: Scale mail        |    55 |    41 ||    96
       Chain mail        |       |    38 ||    38
Dodge: Dodged            |    36 |    37 ||    73
Block: Kite shield       |    58 |    73 ||   131

Table legend:
 A = Non-vault XP
 B = Vault XP
 C = Vault XP percentage of total XP
 D = Non-vault monster count
 E = Vault monster count
 F = Vault count percentage of total count
                 A         B        C        D         E       F
            +---------+---------+-------+---------+---------+-------
      Total |     530 |      61 |  10.3 |      79 |      10 |  11.2
            +---------+---------+-------+---------+---------+-------
        D:1 |      29 |       0 |   0.0 |      17 |       0 |   0.0
        D:2 |      83 |       0 |   0.0 |      25 |       0 |   0.0
        D:3 |      48 |       1 |   2.0 |      12 |       1 |   7.7
        D:4 |     356 |      60 |  14.4 |      23 |       9 |  28.1
        D:5 |      14 |       0 |   0.0 |       2 |       0 |   0.0
            +---------+---------+-------+---------+---------+-------
